 Dungeon Crawl Stone Soup version 0.29-a0-284-gf9362112df (webtiles) character file.

Game seed: 12755595526215727785

869 flyleaff the Skirmisher (level 7, -2/59 (61) HPs)
             Began as a Purple Draconian Monk on Mar 31, 2022.
             Was a Believer of Vehumet.
             Killed by miscasting Dispel Undead (12 damage)
             ... on level 4 of the Dungeon on Apr 1, 2022.
             The game lasted 00:13:36 (4853 turns).

flyleaff the Skirmisher (Purple Draconian Monk)     Turns: 4853, Time: 00:13:38

HP:   -2/59 (61)    AC: 10    Str: 13    XL:     7   Next: 73%
MP:   1/13          EV: 14    Int: 16    God:    Vehumet [**....]
Gold: 140           SH:  0    Dex: 16    Spells: 7/14 levels left

rFire   . . .      SeeInvis .   b - +6 flail
rCold   . . .      Faith    .   (no shield)
rNeg    . . .      Spirit   .   (body armour unavailable)
rPois   .          Reflect  .   (helmet restricted)
rElec   .          Harm     .   r - +2 cloak
rCorr   .          Rampage  .   (no gloves)
Will    +....                   d - +0 pair of boots
Stlth   ++........              (no amulet)
HPRegen 0.19/turn               j - ring of wizardry
MPRegen 0.13/turn               s - +6 ring of intelligence

@: short of breath, flying, very slightly contaminated, lightly drained
A: breathe power, AC +6, unfitting armour, cold-blooded
a: Breathe Dispelling Energy, Renounce Religion


You were on level 4 of the Dungeon.
You worshipped Vehumet.
Vehumet was pleased with you.
You visited 1 branch of the dungeon, and saw 5 of its levels.

You collected 140 gold pieces.

Inventory:

Hand Weapons
 a - a +0 falchion
 b - a +6 flail (weapon)
Missiles
 g - a throwing net
 k - 6 poisoned darts (quivered)
Armour
 d - a +0 pair of boots (worn)
 e - a +0 buckler
 r - a +2 cloak (worn)
Jewellery
 j - a ring of wizardry (left hand)
 l - a ring of see invisible
 s - a +6 ring of intelligence (right hand)
Wands
 m - a wand of paralysis (7)
 t - a wand of polymorph (12)
Scrolls
 o - a scroll of noise
Potions
 c - a potion of degeneration {unknown}
 f - a potion of lignification {unknown}
 h - a potion of brilliance {unknown}
 i - a potion of flight
 p - a potion of berserk rage {unknown}


   Skills:
 - Level 5.5 Fighting
 - Level 4.5 Long Blades
 - Level 3.0 Maces & Flails
 - Level 4.5 Dodging
 - Level 1.7 Stealth
 + Level 4.3 Spellcasting
 + Level 0.5 Conjurations
 + Level 0.5 Air Magic
 + Level 0.6 Poison Magic


You had 7 spell levels left.
You knew the following spells:

 Your Spells              Type           Power      Damage    Failure   Level
a - Magic Dart            Conj           20%        1d4       5%          1
b - Poisonous Vapours     Pois/Air       10%        N/A       8%          2
c - Dispel Undead         Necr           3%         3d7       52%         4

Your spell library contained the following spells:

 Spells                   Type           Power      Damage    Failure   Level
 Static Discharge         Conj/Air       5%         N/A       9%          2
 Sticky Flame             Conj/Fire      4%         2d3       47%         4


Dungeon Overview and Level Annotations

Branches:
Dungeon (5/15)
 Temple: D:4-7

Altars:
Kikubaaqudgha
Qazlal
Vehumet
Xom

Annotations:
D:4 Menkaure


Innate Abilities, Weirdness & Mutations

You can breathe bolts of dispelling energy.
Your rich purple scales are hard. (AC +6)
You cannot fit into any form of body armour.
You are cold-blooded and may be slowed by cold attacks.


Message History

Confirm with . or Enter, or press ? or * to list all spells.
Aiming: Magic Dart (safe; 5% risk of failure)
Press: ? - help, Shift-Dir - straight line, f/p - Menkaure
Aim: Menkaure (almost destroyed, fast, 100% to hit)
The magic dart hits Menkaure but does no damage.
Menkaure is almost destroyed.
Menkaure mumbles a few words.
Menkaure calls on the powers of darkness!
Your body is wracked with pain!
* * * LOW HITPOINT WARNING * * *
Casting: Magic Dart (safe; 5% risk of failure)
Confirm with . or Enter, or press ? or * to list all spells.
Aiming: Magic Dart (safe; 5% risk of failure)
Press: ? - help, Shift-Dir - straight line, f/p - Menkaure
Aim: Menkaure (almost destroyed, fast, 100% to hit)
The magic dart hits Menkaure but does no damage.
Menkaure is almost destroyed.
Menkaure hits you but does no damage. x2
Casting: Magic Dart (safe; 5% risk of failure)
Confirm with . or Enter, or press ? or * to list all spells.
Aiming: Magic Dart (safe; 5% risk of failure)
Press: ? - help, Shift-Dir - straight line, f/p - Menkaure
Aim: Menkaure (almost destroyed, fast, 100% to hit)
The magic dart hits Menkaure but does no damage.
Menkaure is almost destroyed.
Menkaure closely misses you.
Casting: Magic Dart (safe; 5% risk of failure)
Confirm with . or Enter, or press ? or * to list all spells.
The spell is quite dangerous to miscast (52% risk of failure)!
Continue anyway?
Okay, then.
Casting: Dispel Undead (quite dangerous; 52% risk of failure)
Confirm with . or Enter, or press ? or * to list all spells.
The spell is quite dangerous to miscast (52% risk of failure)!
Continue anyway?
Aiming: Dispel Undead (quite dangerous; 52% risk of failure)
Press: ? - help, Shift-Dir - straight line, f/p - Menkaure
Aim: Menkaure (almost destroyed, fast, 100% to hit)
You miscast Dispel Undead.
You are very lightly contaminated with residual magic.
Strange energies run through your body!
You feel drained.
You die...

########.#.# #...#
.M....#.... #...#
.o.....M.# ##
#...# #o# .# #...#
#o# .# #...# #.#
.# #...# #.# .##
##...###########.#
..#
#.........@M)....#
#.#
#....#############
#.# #....#
#'#####....#
........####
........#
........#
........#
#.#####.#


You could see Menkaure (fast).

Vanquished Creatures
  Grinder (D:3)
  3 necrophages (D:5)
  A howler monkey (D:5)
  A bullfrog zombie (D:5)
  A centaur zombie (D:5)
  A human zombie (D:5)
  2 orc priests (D:4)
  Natasha (thrice) (D:3)
  6 mummies (D:5)
  4 gnolls (D:2)
  4 adders
  An ufetubus (D:2)
  A worm (D:2)
  2 dart slugs
  4 orcs
  7 bats
  6 endoplasms
  A giant cockroach (D:1)
  3 hobgoblins
  4 jackals (D:1)
  3 quokkas
  5 ball pythons
  2 frilled lizards (D:1)
  8 goblins
  4 kobolds
  5 rats
83 creatures vanquished.

Notes
Turn   | Place    | Note
-------+----------+-------------------------------------------
     0 | D:1      | flyleaff the Draconian Monk began the quest for the Orb.
     0 | D:1      | Reached XP level 1. HP: 19/19 MP: 1/1
   296 | D:1      | Reached XP level 2. HP: 24/26 MP: 2/2
  1287 | D:2      | Reached XP level 3. HP: 29/33 MP: 3/3
  1913 | D:2      | Reached XP level 4. HP: 28/40 MP: 4/4
  1916 | D:2      | Reached skill level 4 in Fighting
  2510 | D:3      | Found a radiant altar of Vehumet.
  2551 | D:3      | Noticed Natasha
  2561 | D:3      | Killed Natasha
  2691 | D:3      | Reached XP level 5. HP: 37/46 MP: 5/5
  2888 | D:3      | Noticed Grinder
  2916 | D:3      | Found a stormy altar of Qazlal.
  3061 | D:3      | You fall into a shaft and drop 2 floors!
  3061 | D:5      | Entered Level 5 of the Dungeon
  3279 | D:5      | Reached skill level 1 in Maces & Flails
  3293 | D:5      | Reached XP level 6. HP: 41/55 MP: 6/6
  3442 | D:5      | Reached skill level 5 in Fighting
  3530 | D:5      | Found an ancient bone altar of Kikubaaqudgha.
  3864 | D:5      | Your scales start taking on a rich purple colour.
  3864 | D:5      | Reached XP level 7. HP: 61/61 MP: 7/7
  3991 | D:3      | Found a shimmering altar of Xom.
  4183 | D:3      | Noticed Natasha
  4191 | D:3      | Killed Natasha
  4192 | D:3      | Reached skill level 1 in Spellcasting
  4220 | D:3      | Noticed Natasha
  4226 | D:3      | Killed Natasha
  4255 | D:3      | Became a worshipper of Vehumet
  4255 | D:3      | Reached * piety under Vehumet
  4255 | D:3      | Offered knowledge of Magic Dart by Vehumet.
  4255 | D:3      | Reached ** piety under Vehumet
  4258 | D:3      | Learned a level 1 spell: Magic Dart
  4319 | D:3      | Paralysed by Grinder for 3 turns
  4323 | D:3      | Killed Grinder
  4323 | D:3      | Offered knowledge of Poisonous Vapours by Vehumet.
  4342 | D:3      | Learned a level 2 spell: Poisonous Vapours
  4424 | D:3      | Found a faded altar of an unknown god.
  4805 | D:4      | Noticed Menkaure
  4812 | D:4      | Learned a level 4 spell: Dispel Undead
  4853 | D:4      | Killed by miscasting Dispel Undead

Illustrated notes

Levels and vault maps discovered:
D:1:      doesnt_arrival_eight_statues, layout_basic
D:2:      layout_basic
D:3:      minmay_skewed_foursquare, layout_basic,
          mainiacjoe_overflow_small_starburst, grunt_qazlal_clouds,
          mainiacjoe_overflow_24_doors, dreamdust_ecumenical_altar_statues,
          grunt_decor_one_mirror, hangedman_decor_slide_cut,
          kennysheep_nondescript, due_unseen_surprise, uniq_grinder,
          uniq_natasha
D:4:      layout_basic, minmay_temple_entry_tees, uniq_blork_the_orc,
          uniq_menkaure
D:5:      layout_loops_cross, lemuel_mausoleum_altar_kikubaaqudgha,
          hangedman_feature_mirror, minmay_misc_feat_pillars,
          chequers_decorated_corner

Skill      XL: |  1  2  3  4  5  6  7 |
---------------+----------------------+-----
Dodging        | 3 4 |  4.5
Long Blades    | 4 |  4.5
Fighting       | 4 5 |  5.5
Maces & Flails | 1 3 |  3.0
Spellcasting   | 4 |  4.3
Stealth        | |  1.7
Conjurations   | |  0.5
Air Magic      | |  0.5
Poison Magic   | |  0.6

Action                   |  1- 3 |  4- 6 |  7- 9 || total
-------------------------+-------+-------+-------++-------
Melee: Falchion          |   112 |     3 |       ||   115
       Tailslap          |    10 |    18 |     6 ||    34
       Punch             |     1 |     3 |       ||     4
       Flail             |       |   105 |    52 ||   157
Throw: Dart              |       |       |    13 ||    13
 Cast: Magic Dart        |       |       |     9 ||     9
       Poisonous Vapours |       |       |     3 ||     3
       Dispel Undead     |       |       |     1 ||     1
 Abil: Breathe Dispellin |       |       |     2 ||     2
Evoke: Wand              |       |       |     1 ||     1
  Use: Potion            |     2 |       |     3 ||     5
       Scroll            |     1 |       |     2 ||     3
 Stab: Sleeping          |     8 |     5 |     1 ||    14
Armor: Skin              |    39 |    28 |    20 ||    87
Dodge: Dodged            |    94 |    74 |    38 ||   206

Table legend: (Time is in decaauts)
 A = Elapsed time spent in this place.
 B = Non-inter-level travel time spent in this place.
 C = Inter-level travel time spent in this place.
 D = Time resting spent in this place.
 E = Time spent auto-exploring this place.
 F = Levels seen in this place.
 G = Mean time per level.
                   A        B        C        D        E       F      G
               +--------+--------+--------+--------+--------+-----+--------+
         Total |   4920 |   4792 |    128 |    263 |   3656 |   5 |  984.0 |
       Dungeon |   4920 |   4792 |    128 |    263 |   3656 |   5 |  984.0 |
               +--------+--------+--------+--------+--------+-----+--------+

Top non-repeatable levels by time:
     D:2: 1284 daAuts
     D:3: 1276 daAuts
     D:1: 1206 daAuts
     D:5: 925 daAuts
     D:4: 228 daAuts
